Map: Dusk Towers

Players

ViciousK

  • Race: Terran Terran
  • League: Gold

LilDicky - Winner!

  • Race: Terran Terran
  • League: Platinum

VOD

http://www.twitch.tv/tumescentpie

Description

Time

  • Played on: Nov. 21, 2015, 12:40 a.m.
  • Length: 7:54
Show
View Real Time Build Order
Export as new Build Order

ViciousK Terran 

Build Orders:  

Get SALT Encoding   

  12  0:01  SCV  
  13  0:13  SCV  
  14  0:18  Supply Depot  
  14  0:25  SCV  
  15  0:39  SCV  
  16  0:42  Barracks  
  16  0:51  SCV  
  17  1:03  Refinery  
  17  1:04  SCV  
  18  1:16  SCV  
  19  1:29  Marine, Orbital Command  
  20  1:40  Command Center  
  20  1:47  Marine  
  20  1:51  Supply Depot  
  21  1:55  SCV  
  22  2:06  Barracks Reactor  
  22  2:07  SCV  
  23  2:21  SCV  
  24  2:28  Barracks  
  24  2:33  SCV  
  24  2:44  Factory, Marine x2  
  24  2:45  SCV  
  27  2:55  Orbital Command  
  27  2:57  Supply Depot  
  27  2:58  SCV  
  27  3:04  Marine x2  
  30  3:11  Refinery  
  30  3:12  SCV  
  31  3:13  Refinery  
  31  3:16  Barracks Tech Lab  
  31  3:18  Supply Depot  
  31  3:23  SCV  
  31  3:24  SCV  
  33  3:29  Starport  
  33  3:30  Factory Reactor  
  33  3:33  Marine  
  34  3:41  SCV x2  
  36  3:51  Supply Depot  
  36  3:53  SCV  
  37  3:55  Stimpack  
  37  3:56  Marine x2  
  39  4:03  SCV  
  39  4:08  Supply Depot  
  40  4:10  SCV  
  40  4:12  Medivac  
  40  4:15  SCV  
  44  4:17  Marine x2  
  44  4:20  Widow Mine  
  44  4:22  SCV  
  49  4:25  Refinery  
  49  4:27  SCV  
  49  4:29  Engineering Bay  
  50  4:34  SCV  
  50  4:36  Marine x2  
  53  4:39  SCV  
  53  4:40  Marine  
  55  4:45  Barracks  
  55  4:48  Barracks  
  55  4:54  Medivac  
  55  4:55  Medivac  
  55  4:58  Marine x2  
  55  4:59  Marauder  
  63  5:00  SCV  
  63  5:02  SCV  
  63  5:06  Terran Infantry Weapons Level 1  
  65  5:11  Engineering Bay  
  65  5:14  Supply Depot  
  65  5:16  SCV, Marine  
  65  5:17  SCV  
  64  5:35  Missile Turret  
  58  5:44  Marine x3  
  58  5:49  Missile Turret  
  56  6:07  Marine  
  56  6:08  Marine x2  
  56  6:10  SCV  
  56  6:11  SCV  
  57  6:23  SCV x2  
  57  6:38  SCV x2  
  59  6:40  Barracks Reactor  
  59  6:42  Barracks Tech Lab  
  59  6:44  Medivac x2  
  63  6:48  Missile Turret  
  63  6:50  SCV x2  
  65  6:55  Command Center  
  64  7:02  SCV  
  64  7:10  Marine x4  
  68  7:15  Medivac  
  70  7:28  Marine  
Show
View Real Time Build Order
Export as new Build Order

LilDicky Terran - Winner!

Build Orders: Command Center First (CC), Banshee Rush 

Get SALT Encoding   

  12  0:01  SCV  
  13  0:13  SCV  
  14  0:18  Supply Depot  
  14  0:25  SCV  
  15  0:39  SCV  
  16  0:51  SCV  
  17  1:03  Command Center  
  17  1:05  SCV  
  18  1:15  Barracks  
  18  1:18  SCV  
  18  1:24  Refinery  
  19  1:30  SCV  
  20  1:44  SCV  
  21  1:57  SCV  
  22  2:04  Marine  
  22  2:07  Supply Depot  
  23  2:10  Orbital Command  
  22  2:16  Orbital Command  
  22  2:25  Marine  
  23  2:31  Factory  
  23  2:32  Refinery  
  23  2:40  SCV  
  23  2:42  Refinery  
  23  2:43  Marine  
  25  2:45  Refinery  
  25  2:47  SCV  
  26  2:52  SCV  
  27  3:00  Marine  
  27  3:01  SCV  
  27  3:04  SCV  
  30  3:09  Supply Depot  
  30  3:14  Starport  
  30  3:15  Factory Tech Lab, SCV  
  30  3:18  Marine  
  32  3:22  SCV  
  33  3:27  SCV  
  33  3:33  Engineering Bay  
  33  3:34  SCV  
  35  3:39  Marine  
  35  3:40  SCV  
  37  3:46  Factory Tech Lab, SCV  
  38  3:52  SCV  
  39  3:57  Marine  
  39  3:58  SCV  
  39  3:59  Banshee  
  39  4:00  Cloaking Field  
  44  4:04  SCV  
  45  4:10  SCV  
  45  4:11  Siege Tank  
  45  4:16  Missile Turret  
  49  4:19  SCV, Supply Depot  
  49  4:20  Marine  
  51  4:28  SCV  
  52  4:38  Command Center, SCV, Marine  
  54  4:43  Siege Tank  
  54  4:44  Banshee  
  60  4:47  SCV  
  60  4:52  Missile Turret  
  61  4:58  Supply Depot  
  61  5:02  Marine  
  62  5:07  Supply Depot  
  62  5:19  SCV x2  
  64  5:23  Corvid Reactor  
  64  5:25  Siege Tank  
  64  5:27  Banshee  
  70  5:29  Supply Depot  
  70  5:31  SCV x2  
  72  5:44  SCV x2  
  70  5:50  Starport x2  
  69  6:16  Missile Turret  
  66  6:27  SCV  
  66  6:28  SCV  
  65  6:33  Starport Reactor  
  65  6:34  Command Center  
  65  6:35  Starport Tech Lab  
  65  6:37  Siege Tank  
  68  6:45  Raven  
  70  6:51  Command Center  
  70  6:52  Supply Depot, SCV  
  59  6:54  Orbital Command  
  71  6:56  SCV  
  72  7:02  Missile Turret  
  72  7:04  SCV  
  73  7:08  SCV  
  73  7:13  Viking  
  79  7:17  Refinery  
Tags
 
Add a new tag
Caveats
  • Supply blocks, unpowered buildings, or Contaminate may cause inaccurate times.
  • Supply counts are checked every 10 seconds.